 Dungeon Crawl Stone Soup version 0.29.0-4-gdea44cf6ec (webtiles) character file.

Game seed: 14243394733226929579

98 qw the Chopper (level 4, -9/35 HPs)
             Began as a Demonspawn Cinder Acolyte on Sept 8, 2022.
             Was a High Priest of Ignis.
             Mangled by Sigmund
             ... wielding a +2 vampiric scythe
              (12 damage)
             ... on level 3 of the Dungeon.
             The game lasted 00:00:44 (2155 turns).

qw the Chopper (Demonspawn Cinder Acolyte)          Turns: 2155, Time: 00:00:44

Health: -9/35      AC:  8    Str: 16    XL:     4   Next: 44%
Magic:  5/5        EV:  6    Int: 15    God:    Ignis [*****.]
Gold:   101        SH:  0    Dex:  9    Spells: 5/5 levels left

rFire   + . .      SeeInvis .   Y - +1 hand axe (flame)
rCold   . . .      Faith    .   (no shield)
rNeg    . . .      Spirit   .   i - +0 chain mail
rPois   .          Reflect  .   (no helmet)
rElec   .          Harm     .   (no cloak)
rCorr   +          Rampage  .   (no gloves)
Will    .....                   (no boots)
Stlth   ..........              (no amulet)
HPRegen 0.11/turn               g - ring of resist corrosion
MPRegen 0.09/turn               (no ring)

@: confused, mighty
A: powered by pain 1, spiny 2
a: Renounce Religion, Fiery Armour, Foxfire Swarm, Rising Flame


You were on level 3 of the Dungeon.
You worshipped Ignis.
Ignis was extremely pleased with you.
You visited 1 branch of the dungeon, and saw 3 of its levels.

You collected 101 gold pieces.


Innate Abilities, Weirdness & Mutations

You sometimes gain a little power by taking damage.
You are mostly covered in sharp spines.


   Skills:
 - Level 3.0 Fighting
 + Level 4.4 Axes
 - Level 1.0 Throwing
 - Level 1.0 Armour
 - Level 1.0 Spellcasting
 - Level 2.6 Fire Magic


You had 5 spell levels left.
You didn't know any spells.
Your spell library contained the following spells:

 Spells                   Type           Power      Damage    Failure   Level
 Scorch                   Fire           16%        2d5       94%         2

Inventory:

Hand Weapons
 Y - a +1 hand axe of flaming (weapon)
Armour
 i - a +0 chain mail (worn)
Jewellery
 g - a ring of resist corrosion (left hand)
Scrolls
 a - 2 scrolls of identify

Dungeon Overview and Level Annotations

Branches:
Dungeon (3/15)

Altars:
Dithmenos

Annotations:
D:3 Sigmund


Message History

You bump into the rock wall.
Sigmund casts a spell at you. The puff of flame misses you.
You feel less confused. Sigmund is struck by your spines.
Sigmund completely misses you.
You barely miss Sigmund.
Sigmund is lightly wounded.
You hit Sigmund but do no damage.
Sigmund is lightly wounded.
Sigmund gestures wildly while chanting.
Sigmund flickers and vanishes!
Deactivating autopickup; reactivate with Ctrl-A.
You barely miss something. Something hits you but does no damage.
You barely miss something. Something completely misses you.
You closely miss something. You hit something. You burn something.
Something hits you.
You completely miss something. Something hits you.
You miss something. Something hits you.
You barely miss something. You hit something but do no damage.
You hear some strange, mumbled words.
You are confused.
You're too confused to attack without stumbling around!
There is a strange disturbance nearby!
Something hits you!
You're too confused to attack without stumbling around!
There is a strange disturbance nearby!
Something hits you!
You focus on the pain.
You feel very mighty all of a sudden.
You're too confused to attack without stumbling around!
There is a strange disturbance nearby!
You're too confused to attack without stumbling around!
There is a strange disturbance nearby!
Something hits you!
You die...

#. ..##..# .#.#
.##.##.##.. ...##
.......##.###....####
.........#.#.#.#.#.#.
####.......#%#.#.#.#.#
............#.#.#.#.#.#
#. ##.......#.#.#.#.#
#.####......#%#.#{#.#
#........##..#.#@#%#
##.###.%....#.#.#.#@#
#.##....###.#.#.#.#.#
##.##.##.# ##.#.#.#.#(
#........# #.#.#.#.#.#
#.#.....## ##.#.#.#.#.#
..#.....# #.# #.#.#.#
###.....# ## ######
#.....#


There were no monsters in sight!

Vanquished Creatures
  4 adders
  A worm (D:2)
  3 dart slugs
  9 bats
  2 giant cockroaches
  4 hobgoblins
  3 jackals (D:3)
  3 kobolds
  7 quokkas
  2 ball pythons (D:1)
  4 frilled lizards
  7 goblins
  3 rats
52 creatures vanquished.

Notes
Turn   | Place    | Note
-------+----------+-------------------------------------------
     0 | D:1      | qw the Demonspawn Cinder Acolyte began the quest for the
                  | Orb.
     0 | D:1      | Reached XP level 1. HP: 18/18 MP: 2/2
     0 | D:1      | 0 ||| qw: Version: 0.1-a-112-g44dc6cd
     0 | D:1      | 0 ||| qw: Game counter: 6824
     0 | D:1      | 0 ||| qw: Always use a shield: true
     0 | D:1      | 0 ||| qw: God list: Okawaru
     0 | D:1      | 0 ||| qw: Allow faded altars: false
     0 | D:1      | 0 ||| qw: Do Orc after D:15 true
     0 | D:1      | 0 ||| qw: Do second Lair branch before Depths: true
     0 | D:1      | 0 ||| qw: Lair rune preference: random
     0 | D:1      | 0 ||| qw: Plans: Normal
     0 | D:1      | 0 ||| PLANNING D:1-11
    84 | D:1      | Reached skill level 3 in Axes
   159 | D:1      | Gained mutation: You are partially covered in sharp spines.
                  | [demonic ancestry]
   159 | D:1      | Reached XP level 2. HP: 18/24 MP: 3/3
   267 | D:1      | Found a faded altar of an unknown god.
   309 | D:1      | 309 ||| Stepping ~*~*~tactically~*~*~ (stealth).
   312 | D:1      | 312 ||| Stepping ~*~*~tactically~*~*~ (stealth).
   321 | D:1      | 321 ||| Stepping ~*~*~tactically~*~*~ (stealth).
   342 | D:1      | 342 ||| INVOKING Fiery Armour.
   527 | D:1      | 527 ||| Stepping ~*~*~tactically~*~*~ (stealth).
   563 | D:1      | 563 ||| Stepping ~*~*~tactically~*~*~ (hiding).
   807 | D:1      | Gained mutation: You are mostly covered in sharp spines.
                  | [demonic ancestry]
   807 | D:1      | Reached XP level 3. HP: 27/29 MP: 4/4
   904 | D:1      | 904 ||| UPGRADING to +0 chain mail.
   914 | D:1      | 914 ||| DROPPING +0 robe.
   915 | D:1      | 915 ||| READING 2 scrolls labelled JOOCLITEET.
   916 | D:1      | 916 ||| READING scroll labelled MIMUMMOS ORI.
   917 | D:1      | 917 ||| READING scroll labelled RUIDUX HIOROXT.
   918 | D:1      | 918 ||| READING 2 scrolls labelled ZUTIRO TUSKICW.
   919 | D:1      | 919 ||| READING scroll of enchant weapon.
   919 | D:1      | 919 ||| ENCHANTING +0 hand axe of flaming.
   920 | D:1      | 920 ||| READING scroll labelled EGYR QAENOG.
   983 | D:2      | 983 ||| Stepping ~*~*~tactically~*~*~ (stealth).
   984 | D:2      | 984 ||| Stepping ~*~*~tactically~*~*~ (stealth).
  1094 | D:2      | Reached skill level 1 in Armour
  1098 | D:2      | Reached skill level 1 in Throwing
  1205 | D:2      | 1205 ||| Stepping ~*~*~tactically~*~*~ (hiding).
  1268 | D:2      | 1268 ||| Stepping ~*~*~tactically~*~*~ (stealth).
  1269 | D:2      | 1269 ||| Stepping ~*~*~tactically~*~*~ (stealth).
  1355 | D:2      | Reached skill level 4 in Axes
  1458 | D:2      | Gained mutation: You sometimes gain a little power by
                  | taking damage. [demonic ancestry]
  1458 | D:2      | Reached XP level 4. HP: 35/35 MP: 5/5
  1628 | D:2      | 1628 ||| Stepping ~*~*~tactically~*~*~ (stealth).
  1629 | D:2      | 1629 ||| Stepping ~*~*~tactically~*~*~ (stealth).
  1630 | D:2      | 1630 ||| Stepping ~*~*~tactically~*~*~ (stealth).
  1822 | D:2      | 1822 ||| DROPPING scarf of shadows.
  1823 | D:2      | 1823 ||| UPGRADING to ring of resist corrosion.
  1824 | D:2      | 1824 ||| READING scroll labelled OSIUL ASMIELEO.
  1825 | D:2      | 1825 ||| READING scroll labelled MIOREI YCOHAFO.
  1971 | D:2      | 1971 ||| READING scroll labelled BIDAZU FAWAOHO.
  1972 | D:2      | 1972 ||| DRINKING 2 bubbling blue potions.
  2006 | D:2      | 2006 ||| READING 3 scrolls of identify.
  2006 | D:2      | 2006 ||| IDENTIFYING puce potion
  2007 | D:2      | 2007 ||| DROPPING potion of lignification.
  2008 | D:2      | 2008 ||| DROPPING potion of degeneration.
  2069 | D:3      | Found a shadowy altar of Dithmenos.
  2117 | D:3      | Noticed Sigmund
  2118 | D:3      | 2118 ||| Stepping ~*~*~tactically~*~*~ (stealth).
  2120 | D:3      | 2120 ||| Stepping ~*~*~tactically~*~*~ (stealth).
  2121 | D:3      | 2121 ||| Stepping ~*~*~tactically~*~*~ (stealth).
  2124 | D:3      | 2124 ||| Stepping ~*~*~tactically~*~*~ (stealth).
  2128 | D:3      | 2128 ||| Stepping ~*~*~tactically~*~*~ (stealth).
  2129 | D:3      | 2129 ||| Stepping ~*~*~tactically~*~*~ (stealth).
  2153 | D:3      | HP: 3/35 [something (7)]
  2155 | D:3      | Mangled by Sigmund

Levels and vault maps discovered:
D:1:      lightli_arrival_isolated_outpost, layout_rooms, basic_ecumenical_altar
D:2:      layout_basic, minmay_misc_feat_more_columns, corexii_corridor_pit,
          minmay_misc_feat_tower
D:3:      corexii_shack_village, layout_loops_cross, kennysheep_ying_yang,
          lemuel_round_altar, hangedman_decor_lopped, minivault_23,
          chequers_serial_rivers_small_3, minmay_misc_feat_four_crosses,
          chequers_serial_rivers_small_3, uniq_sigmund, uniq_grinder

Skill      XL: |  1  2  3 |
---------------+----------+-----
Axes           | 3 4 |  4.4
Armour         | 1 |  1.0
Throwing       | 1 |  1.0
Fighting       | |  3.0
Spellcasting   | |  1.0
Fire Magic     | |  2.6

Action                   |  1- 3 |  4- 6 || total
-------------------------+-------+-------++-------
Melee: Hand axe          |    66 |    25 ||    91
Throw: Javelin           |    25 |    12 ||    37
Invok: Fiery Armour      |     1 |       ||     1
  Use: Scroll            |     6 |     4 ||    10
       Potion            |       |     1 ||     1
Armor: Robe              |    12 |       ||    12
       Chain mail        |     9 |     7 ||    16
Dodge: Dodged            |    31 |     6 ||    37

Table legend:
 A = Non-vault XP
 B = Vault XP
 C = Vault XP percentage of total XP
 D = Non-vault monster count
 E = Vault monster count
 F = Vault count percentage of total count
                 A         B        C        D         E       F
            +---------+---------+-------+---------+---------+-------
      Total |     141 |       0 |   0.0 |      52 |       0 |   0.0
            +---------+---------+-------+---------+---------+-------
        D:1 |      46 |       0 |   0.0 |      25 |       0 |   0.0
        D:2 |      70 |       0 |   0.0 |      19 |       0 |   0.0
        D:3 |      25 |       0 |   0.0 |       8 |       0 |   0.0
            +---------+---------+-------+---------+---------+-------
